 Dungeon Crawl Stone Soup version 0.29.1-15-g9cfb28693d (webtiles) character file.

Game seed: 16777054848099535779

1183 Hugehornet the Covered (level 8, -2/96 HPs)
             Began as a Minotaur Fighter on Mar 30, 2023.
             Was a Follower of Trog.
             Succumbed to Duvessa's poison
             ... on level 6 of the Dungeon.
             The game lasted 00:09:20 (5581 turns).

Hugehornet the Covered (Minotaur Fighter)           Turns: 5581, Time: 00:09:21

Health: -2/96      AC: 10    Str: 26    XL:     8   Next: 19%
Magic:  7/7        EV:  8    Int:  3    God:    Trog [*.....]
Gold:   93         SH:  5    Dex: 13    Spells: 7/7 levels left

rFire   . . .      SeeInvis .   p - +7 Throatcutter {drain, coup de grace}
rCold   . . .      Faith    .   c - +0 buckler
rNeg    . . .      Spirit   .   q - +0 chain mail
rPois   .          Reflect  .   (helmet restricted)
rElec   .          Harm     .   (no cloak)
rCorr   .          Rampage  .   (no gloves)
Will    .....                   (no boots)
Stlth   ..........              (no amulet)
HPRegen 0.26/turn               (no ring)
MPRegen 0.10/turn               (no ring)

@: berserking (expiring), lethally poisoned (-2 -> -16), very quick
A: horns 2, retaliatory headbutt, agile 1, strong 1
a: Renounce Religion, Berserk


You were on level 6 of the Dungeon.
You worshipped Trog.
Trog was aware of your devotion.
You visited 1 branch of the dungeon, and saw 6 of its levels.

You collected 320 gold pieces.
You spent 227 gold pieces at shops.

Inventory:

Hand Weapons
 a - a +0 war axe
 g - a +0 flail
 p - the +7 Throatcutter (weapon) {drain, coup de grace}
   (You found it on level 5 of the Dungeon)

   A truly terrible weapon, it drains the life of any living foe it strikes.
   It may instantly kill foes which have little health.
Missiles
 s - 3 throwing nets (quivered)
Armour
 b - a +0 scale mail
 c - a +0 buckler (worn)
 q - a +0 chain mail (worn)
Wands
 r - a wand of roots (12)
Scrolls
 e - 3 scrolls of blinking {unknown}
 f - a scroll of fog {unknown}
 h - 2 scrolls of amnesia {unknown}
 m - 3 scrolls of fear {unknown}
 n - 3 scrolls of teleportation {unknown}
 u - a scroll of enchant armour {unknown}
 v - 2 scrolls of brand weapon {unknown}
 w - 3 scrolls of noise {unknown}
 x - a scroll of poison {unknown}
 y - a scroll of identify
Potions
 d - a potion of might
 i - a potion of magic
 j - 2 potions of attraction
 k - a potion of degeneration
 l - a potion of resistance
 o - a potion of cancellation
 t - 2 potions of invisibility
 z - 2 potions of brilliance {unknown}


   Skills:
 - Level 3.6 Fighting
 * Level 7.0 Long Blades
 - Level 6.7 Axes
 + Level 7.6 Armour
 - Level 3.6 Shields


You had 7 spell levels left.
You didn't know any spells.
Your spell library contained the following spells:

 Spells                   Type           Power      Damage    Failure   Level
 Slow                     Hex            0%         N/A       99%         1
 Sting                    Tmut/Pois      0%         1d3       99%         1
 Ensorcelled Hibernation  Hex/Ice        0%         N/A       100%        2
 Poisonous Vapours        Pois/Air       0%         N/A       100%        2
 Confusing Touch          Hex            0%         N/A       100%        3
 Spider Form              Tmut/Pois      0%         N/A       100%        3
 Vampiric Draining        Necr           0%         2d6       100%        3
 Anguish                  Hex/Necr       0%         N/A       100%        4
 Olgreb's Toxic Radiance  Pois           0%         N/A       100%        4


Dungeon Overview and Level Annotations

Branches:
Dungeon (6/15)
 Temple: D:4-7

Altars:
Trog
Vehumet

Shops:
D:3 :   D:4 *   D:5 !


Innate Abilities, Weirdness & Mutations

You have a pair of horns on your head.
You reflexively headbutt those who attack you in melee.
You are agile. (Dex +4, Str/Int -1)
Your muscles are strong. (Str +4, Int/Dex -1)


Message History

You are more poisoned.
You closely miss Duvessa.
Duvessa is lightly wounded.
You feel very sick.
Duvessa hits you with a +2 rapier of venom.
You are more poisoned.
You slash Duvessa!
Duvessa is heavily wounded.
You feel extremely sick.
Duvessa hits you with a +2 rapier of venom!
* * * LOW HITPOINT WARNING * * *
Duvessa hits you with a +2 rapier of venom.
* * * LOW HITPOINT WARNING * * *
A red film seems to cover your vision as you go berserk!
You feel yourself moving faster!
You feel mighty!
* * * LOW HITPOINT WARNING * * *
You feel very sick. You block Duvessa's attack. x2
You slash Duvessa! You drain Duvessa.
Duvessa is severely wounded.
* * * LOW HITPOINT WARNING * * *
You feel very sick. Duvessa hits you but does no damage.
You are more poisoned.
You slash Duvessa!
You behead Duvessa!
You kill Duvessa!
Trog accepts your kill.
* * * LOW HITPOINT WARNING * * *
You feel very sick.
Your Long Blades skill increases to level 7!
There is a lethal amount of poison in your body!
There is a lethal amount of poison in your body!
You are too berserk!
* * * LOW HITPOINT WARNING * * *
You feel very sick.
You feel a strong urge to attack something.
* * * LOW HITPOINT WARNING * * *
You feel sick.
Okay, then.
You die...

...................#....#......#
...................#....#......#
...................'....#......#
...................#+####......#
#####.....#####'##.........#+###
#.....# #..#......... #.....#
#..#........ #.....#
#..#........ #.....#
#.@+........ #.....#
#.)#........ #..#....###+
......)..#....# .........#
.........# .........# .###.##+##
#.


There were no monsters in sight!

Vanquished Creatures
  Eustachio (D:6)
  A steam dragon (D:6)
  Duvessa (D:6)
  An ogre (D:6)
  Blork the orc (D:6)
  A bullfrog (D:6)
  2 scorpions
  Dowan (D:6)
  A howler monkey (D:6)
  2 hounds (D:6)
  A jelly (D:6)
  An orc priest (D:5)
  An iguana (D:6)
  3 orc wizards (D:5)
  3 adders
  8 gnolls
  A white imp (D:6)
  2 dart slugs
  2 orcs
  7 endoplasms
  3 giant cockroaches
  5 goblins
  A hobgoblin (D:3)
  2 kobolds (D:1)
  4 quokkas
  6 ball pythons
  6 bats
  3 frilled lizards
  7 rats
78 creatures vanquished.

Notes
Turn   | Place    | Note
-------+----------+-------------------------------------------
     0 | D:1      | Hugehornet the Minotaur Fighter began the quest for the
                  | Orb.
     0 | D:1      | Reached XP level 1. HP: 19/19 MP: 0/0
    77 | D:1      | Reached XP level 2. HP: 26/26 MP: 1/1
   473 | D:1      | Found a faded altar of an unknown god.
   645 | D:2      | Reached XP level 3. HP: 31/31 MP: 2/2
  1377 | D:3      | Found Tiuk's Book Boutique.
  1498 | D:3      | Reached XP level 4. HP: 35/39 MP: 3/3
  1995 | D:3      | Found a bloodstained altar of Trog.
  2208 | D:3      | Became a worshipper of Trog the Wrathful
  2306 | D:4      | Reached skill level 5 in Axes
  2306 | D:4      | HP: 1/39 [gnoll/+0 halberd (4)]
  2865 | D:4      | Found a radiant altar of Vehumet.
  3090 | D:4      | Reached XP level 5. HP: 45/45 MP: 4/4
  3092 | D:4      | Reached skill level 5 in Armour
  3251 | D:4      | Found Leuquw's Assorted Antiques.
  3256 | D:4      | Bought a scroll labelled SONWANENED for 22 gold pieces
  3256 | D:4      | Bought a scroll of identify for 44 gold pieces
  3256 | D:4      | Bought an amethyst potion for 19 gold pieces
  3256 | D:4      | Bought a scroll labelled NAORCHUUTIF for 22 gold pieces
  3350 | D:5      | Entered Level 5 of the Dungeon
  3782 | D:5      | Reached XP level 6. HP: 50/51 MP: 5/5
  3941 | D:5      | Found the +7 Throatcutter {drain, coup de grace}
  4038 | D:5      | Identified the +8 dagger "Uzyok" {drain, Fragile Fly Will+
                  | Str+4}
  4112 | D:5      | Found Jupinuc's Distillery.
  4117 | D:5      | Bought a potion of mutation for 120 gold pieces
  4118 | D:5      | Gained mutation: Your muscles are strong. (Str +4, Int/Dex
                  | -1) [potion of mutation]
  4118 | D:5      | Gained mutation: You are agile. (Dex +4, Str/Int -1)
                  | [potion of mutation]
  4356 | D:6      | Reached skill level 1 in Long Blades
  4398 | D:6      | Noticed a steam dragon
  4405 | D:6      | HP: 1/51 [iguana (5)]
  4751 | D:6      | Noticed Eustachio
  4765 | D:6      | Killed Eustachio
  4766 | D:6      | Reached XP level 7. HP: 53/57 MP: 6/6
  4829 | D:6      | Killed a steam dragon
  4893 | D:6      | Noticed Blork the orc
  4906 | D:6      | Killed Blork the orc
  4906 | D:6      | Reached * piety under Trog
  4907 | D:6      | Reached skill level 5 in Long Blades
  5503 | D:6      | Reached XP level 8. HP: 57/64 MP: 7/7
  5565 | D:6      | Noticed Dowan
  5566 | D:6      | Noticed Duvessa
  5572 | D:6      | Killed Dowan
  5578 | D:6      | Killed Duvessa
  5579 | D:6      | HP: 3/96 [poisoned by Duvessa]
  5580 | D:6      | HP: 1/96 [poisoned by Duvessa]
  5581 | D:6      | Succumbed to Duvessa's poison

Illustrated notes

Levels and vault maps discovered:
D:1:      dpeg_arrival_stonehenge_8_columns, layout_rooms,
          hellmonk_ecumenical_altar_lost_god
D:2:      layout_loops_cross
D:3:      layout_basic, lightli_temple_of_fire, serial_shops, shop,
          nicolae_elevator_lobby_asterisk
D:4:      layout_loops_cross, lemuel_tele_altar, serial_shops,
          nicolae_shop_hallway_plus
D:5:      layout_gridville, serial_shops, nicolae_shop_hallway_plus,
          kennysheep_cluttered_room
D:6:      layout_gridville, uniq_blork_the_orc, uniq_eustachio, uniq_duvessa

Skill      XL: |  1  2  3  4  5  6  7  8 |
---------------+-------------------------+-----
Axes           | 3 4 5 6 |  6.7
Armour         | 4 5 6 7 |  7.6
Long Blades    | 3 6 7 |  7.0
Fighting       | |  3.6
Shields        | |  3.6

Action                   |  1- 3 |  4- 6 |  7- 9 || total
-------------------------+-------+-------+-------++-------
Melee: War axe           |    83 |    83 |       ||   166
       Headbutt          |     7 |    11 |     4 ||    22
       Long sword        |       |    13 |    35 ||    48
Invok: Berserk           |       |       |     1 ||     1
  Use: Scroll            |       |     7 |       ||     7
       Potion            |       |     4 |       ||     4
Armor: Scale mail        |    39 |     3 |       ||    42
       Chain mail        |       |    71 |    13 ||    84
Dodge: Dodged            |    43 |    33 |     8 ||    84
Block: Buckler           |    15 |    33 |    15 ||    63
